Map: Cresta di Lerilak

Players

Jhyrachy

  • Race: Zerg Zerg
  • League: Silver

Daveo - Winner!

  • Race: Zerg Zerg
  • League: Silver

VOD

Have the link to the VOD?

Description

Time

  • Played on: Dec. 8, 2015, 7:52 a.m.
  • Length: 17:31
Show
View Real Time Build Order
Export as new Build Order

Jhyrachy Zerg 

Build Orders: Hatch First 

Get SALT Encoding   

  12  0:01  Drone  
  13  0:13  Overlord  
  13  0:17  Drone  
  14  0:32  Drone  
  15  0:36  Drone  
  16  0:55  Hatchery  
  16  0:56  Drone  
  16  0:58  Drone  
  16  1:01  Extractor  
  16  1:03  Drone  
  17  1:18  Spawning Pool  
  16  1:35  Drone x2  
  16  1:36  Overlord  
  18  2:05  Metabolic Boost  
  18  2:07  Queen  
  20  2:08  Drone  
  20  2:09  Drone  
  20  2:11  Zergling x2  
  20  2:12  Overlord  
  23  2:22  Queen  
  25  2:28  Zergling x4  
  27  2:51  Roach Warren  
  26  3:10  Extractor  
  26  3:11  Drone x3  
  26  3:12  Drone  
  28  3:44  Drone x2  
  28  3:45  Drone x2  
  28  3:47  Overlord x2  
  32  3:50  Drone x3  
  35  4:02  Lair  
  35  4:17  Drone  
  35  4:18  Drone x4  
  40  4:25  Extractor  
  39  4:47  Drone x3  
  39  4:48  Drone  
  43  5:03  Spire  
  43  5:06  Overlord  
  43  5:07  Overlord x2  
  42  5:12  Extractor  
  42  5:13  Drone x3  
  44  5:14  Drone  
  44  5:15  Drone x2  
  47  5:30  Roach  
  48  6:30  Mutalisk x6  
  48  6:31  Mutalisk x7  
  74  6:49  Roach x4  
  74  6:51  Overlord x2  
  74  6:52  Overlord  
  82  7:12  Roach x8  
  95  8:02  Roach  
  95  8:03  Roach x5  
  107  8:31  Mutalisk x3  
  103  9:16  Mutalisk  
  103  9:17  Mutalisk  
  105  9:19  Overlord x2  
  105  9:20  Overlord  
  107  9:43  Mutalisk  
  107  9:44  Mutalisk x7  
  123  9:56  Overlord x2  
  123  10:14  Queen  
  89  12:03  Mutalisk x2  
  89  12:04  Mutalisk x7  
  107  12:10  Hatchery  
  106  12:58  Zergling x16  
  107  12:59  Zergling x8  
  118  14:00  Roach x4  
  118  14:01  Roach x6  
  138  14:05  Extractor  
  138  14:08  Extractor  
  132  14:11  Overlord x2  
  132  14:42  Overlord x2  
  132  14:43  Overlord  
  64  15:31  Roach x4  
  64  15:32  Roach x5  
  72  16:02  Mutalisk x10  
  90  16:54  Hatchery  
Show
View Real Time Build Order
Export as new Build Order

Daveo Zerg - Winner!

Build Orders: Pool First 

Get SALT Encoding   

  12  0:01  Drone  
  13  0:11  Drone  
  14  0:27  Spawning Pool  
  13  0:30  Drone  
  14  0:39  Overlord  
  14  0:58  Drone  
  14  0:59  Drone  
  14  1:01  Drone  
  17  1:13  Drone  
  18  1:33  Hatchery  
  18  1:35  Drone x2  
  18  1:36  Extractor  
  18  1:53  Hatchery  
  17  2:12  Drone x3  
  20  2:23  Overlord  
  20  2:28  Queen  
  22  2:34  Roach Warren  
  22  2:35  Drone  
  22  2:45  Queen  
  24  2:54  Drone x2  
  26  2:59  Baneling Nest  
  26  3:01  Drone  
  26  3:03  Drone  
  27  3:21  Drone x4  
  27  3:22  Drone x2  
  27  3:26  Queen  
  35  3:36  Evolution Chamber  
  35  3:39  Evolution Chamber  
  33  3:42  Evolution Chamber  
  33  3:45  Drone  
  33  3:46  Drone x2  
  35  3:49  Drone  
  35  3:50  Drone  
  35  3:51  Drone  
  35  3:53  Drone  
  35  3:55  Drone  
  40  3:57  Drone  
  40  3:59  Drone  
  42  4:16  Extractor  
  41  4:18  Zerg Melee Weapons Level 1  
  41  4:21  Drone  
  41  4:22  Extractor, Drone  
  41  4:23  Overlord  
  42  4:26  Overlord x2  
  42  4:27  Overlord  
  42  4:28  Overlord  
  42  4:31  Overlord  
  42  4:41  Lair  
  42  4:47  Drone x3  
  42  4:49  Drone x3  
  42  4:51  Extractor  
  42  4:52  Drone x3  
  50  4:53  Drone  
  51  5:14  Drone x5  
  53  5:15  Drone x7  
  63  5:29  Zergling x10  
  68  5:37  Drone x3  
  71  5:43  Extractor  
  71  5:44  Drone  
  71  5:45  Drone x2  
  71  5:46  Drone x3  
  71  5:47  Extractor  
  75  5:55  Spire  
  74  6:00  Drone x2  
  76  6:04  Spire  
  75  6:23  Zerg Melee Weapons Level 2  
  75  6:25  Metabolic Boost  
  75  6:41  Drone x3  
  75  6:42  Hatchery  
  77  6:57  Hatchery  
  77  7:01  Hatchery  
  75  7:05  Overlord x2  
  75  7:06  Overlord x6  
  75  7:18  Drone x2  
  77  7:24  Zerg Ground Armor Level 1  
  77  7:27  Mutalisk  
  77  7:28  Mutalisk x6  
  91  7:32  Mutalisk  
  87  7:39  Mutalisk  
  87  7:42  Zergling x16  
  87  7:43  Zergling x6  
  74  8:00  Mutalisk x2  
  63  8:09  Zergling x18  
  62  8:19  Spore Crawler  
  43  8:20  Spore Crawler  
  43  8:21  Spore Crawler x2  
  43  8:24  Drone x2  
  43  8:25  Drone  
  43  8:26  Drone  
  38  8:31  Mutalisk  
  38  8:32  Mutalisk x2  
  38  8:54  Drone x7  
  38  8:55  Drone x12  
  53  9:14  Zergling x12  
  59  9:29  Spawning Pool  
  58  9:44  Spawning Pool  
  57  9:56  Drone x3  
  57  9:57  Drone x6  
  57  9:58  Drone x6  
  62  10:39  Spawning Pool  
  62  10:40  Spawning Pool  
  60  10:42  Spore Crawler  
  60  10:46  Drone x3  
  60  10:47  Drone x6  
  60  10:48  Spore Crawler x2  
  60  10:49  Spore Crawler  
  55  10:59  Spore Crawler x2  
  44  11:10  Drone  
  44  11:11  Spore Crawler, Drone x6  
  44  11:12  Drone x2  
  44  11:31  Spore Crawler  
  37  11:33  Spore Crawler  
  37  11:35  Spore Crawler  
  37  11:36  Spore Crawler  
  37  11:39  Spore Crawler  
  33  11:49  Spore Crawler  
  33  11:52  Spore Crawler  
  33  11:54  Spore Crawler  
  30  12:00  Drone x7  
  30  12:01  Drone x6  
  39  12:02  Drone x2  
  44  12:16  Spore Crawler  
  44  12:19  Spore Crawler x2  
  44  12:20  Spore Crawler  
  40  12:23  Spore Crawler  
  40  12:26  Spore Crawler  
  40  12:29  Queen  
  40  12:51  Zergling x2  
  40  12:52  Zergling x16  
  49  13:15  Hatchery  
  47  13:26  Zergling x10  
  47  13:27  Zergling x6  
  47  13:46  Spore Crawler  
  47  13:47  Spore Crawler  
  45  13:49  Drone x4  
  45  13:50  Spore Crawler  
  48  13:56  Queen  
  50  14:08  Drone  
  50  14:09  Drone x3  
  46  14:17  Drone x2  
  46  14:18  Drone  
  49  14:31  Drone x4  
  50  14:32  Drone x2  
  51  15:12  Zergling x8  
  51  15:13  Zergling x32  
  60  15:28  Zergling x12  
  61  15:41  Zergling x6  
  64  15:43  Overlord  
  64  15:44  Overlord  
  64  15:48  Overlord  
  64  15:49  Overlord  
  64  16:01  Queen  
  63  16:14  Spore Crawler  
  63  16:17  Spore Crawler  
  63  16:18  Spore Crawler  
  60  16:19  Spore Crawler  
  60  16:22  Spore Crawler x2  
  60  16:23  Spore Crawler  
  56  16:29  Zergling x2  
  56  16:30  Zergling x26  
  70  16:39  Drone  
  71  16:43  Queen  
  73  16:50  Zergling x2  
  73  16:51  Zergling x6  
  73  16:53  Extractor  
  76  16:56  Extractor  
Tags
 
Add a new tag
Caveats
  • Supply blocks, unpowered buildings, or Contaminate may cause inaccurate times.
  • Supply counts are checked every 10 seconds.